 Dungeon Crawl Stone Soup version 0.24.0-37-gcf1ca852f1 (webtiles) character file.

Game seed: 1203102448708416139, levelgen mode: deterministic

4844 grindst0ne the Fighter (level 10, -1/91 HPs)
             Began as a Gnoll Wanderer on Dec 1, 2019.
             Was a High Priest of Cheibriados.
             Slain by an orc knight
             ... wielding a +0 bardiche
              (37 damage)
             ... in a bailey.
             The game lasted 00:16:40 (6059 turns).

grindst0ne the Fighter (Gnoll Wanderer)             Turns: 6059, Time: 00:16:40

Health: -1/91      AC: 13    Str: 26    XL:     10   Next: 49%
Magic:  17/17      EV: 13    Int: 27    God:    Cheibriados [*****.]
Gold:   577        SH:  0    Dex: 30    Spells: 18/19 levels left

rFire    . . .     SeeInvis .   a - +2 hand crossbow
rCold    . . .     Gourm    .   (no shield)
rNeg     . . .     Faith    .   h - +0 chain mail
rPois    .         Spirit   .   m - +0 hat
rElec    .         Reflect  .   A - scarf {repulsion}
rCorr    .         Harm     .   E - +0 pair of gloves
MR       .....                  y - +1 pair of boots
Stlth    +.........             (no amulet)
HPRegen  0.25/turn              r - +3 ring of slaying
MPRegen  0.15/turn              e - ring of wizardry

@: repel missiles, very slow
A: distributed training, fangs 1, strong nose
a: Bend Time, Temporal Distortion, Slouch, Step From Time, Renounce Religion


You were in a bailey.
You worshipped Cheibriados.
Cheibriados was extremely pleased with you.
You were not hungry.

You visited 1 branch of the dungeon, and saw 8 of its levels.
You also visited: Ossuary and Bailey.

You collected 577 gold pieces.

Inventory:

Hand Weapons
 a - a +2 hand crossbow (weapon)
 b - a +2 hand axe of holy wrath
Missiles
 p - 16 boomerangs
 w - 47 bolts (quivered)
 O - 2 throwing nets
Armour
 h - a +0 chain mail (worn)
 m - a +0 hat (worn)
 y - a +1 pair of boots (worn)
 A - a scarf of repulsion (worn)
 E - a +0 pair of gloves (worn)
Jewellery
 e - a ring of wizardry (right hand)
 r - a +3 ring of slaying (left hand)
 D - an uncursed ring of magical power
Wands
 u - a wand of digging (13)
 L - a wand of acid (5)
 N - a wand of scattershot (5)
Scrolls
 c - 2 scrolls of summoning {unknown}
 i - 2 scrolls of immolation
 j - 6 scrolls of remove curse
 k - 3 scrolls of amnesia {unknown}
 l - 5 scrolls of fear
 s - a scroll of fog {unknown}
 v - 3 scrolls of enchant armour
 B - a scroll of magic mapping
 C - a scroll of enchant weapon {unknown}
 G - a scroll of noise {unknown}
 J - 2 scrolls of teleportation {unknown}
 K - a scroll of random uselessness {unknown}
Potions
 d - a potion of flight {unknown}
 g - 3 potions of curing
 n - 2 potions of cancellation {unknown}
 o - a potion of invisibility {unknown}
 q - 3 potions of haste {unknown}
 t - 4 potions of heal wounds
 x - 4 potions of brilliance {unknown}
 F - a potion of might {unknown}
 H - a potion of ambrosia {unknown}
 I - 3 potions of agility {unknown}
Comestibles
 f - 11 rations
 M - 20 chunks of flesh


   Skills:
 + Level 12.9 Fighting
 + Level 5.2 Short Blades
 + Level 5.2 Long Blades
 + Level 5.2 Axes
 + Level 5.2 Maces & Flails
 + Level 5.2 Polearms
 + Level 5.2 Staves
 + Level 5.2 Slings
 + Level 5.2 Bows
 + Level 5.9 Crossbows
 + Level 5.9 Throwing
 + Level 5.9 Armour
 + Level 5.2 Dodging
 + Level 5.2 Stealth
 + Level 5.9 Shields
 + Level 5.2 Unarmed Combat
 + Level 5.2 Spellcasting
 + Level 4.3 Conjurations
 + Level 4.3 Hexes
 + Level 4.3 Charms
 + Level 4.3 Summonings
 + Level 4.3 Necromancy
 + Level 4.3 Translocations
 + Level 4.3 Transmutations
 + Level 4.3 Fire Magic
 + Level 4.3 Ice Magic
 + Level 4.3 Air Magic
 + Level 4.3 Earth Magic
 + Level 4.3 Poison Magic
 + Level 5.7 Invocations
 + Level 5.2 Evocations


You had 18 spell levels left.
You knew the following spells:

 Your Spells              Type           Power        Failure   Level  Hunger
a - Confusing Touch       Hex            ####..       2%          1    None

Your spell library contained the following spells:

 Spells                   Type           Power        Failure   Level  Hunger
 Animate Skeleton         Necr           N/A          2%          1    None
 Apportation              Tloc           ####..       2%          1    None
 Summon Small Mammal      Summ           ####         2%          1    None
 Call Imp                 Summ           ####....     4%          2    None
 Call Canine Familiar     Summ           ####....     9%          3    #......
 Summon Guardian Golem    Hex/Summ       ####....     9%          3    #......
 Summon Ice Beast         Ice/Summ       ####....     26%         4    ###....
 Summon Lightning Spire   Summ/Air       ####....     26%         4    ###....


Dungeon Overview and Level Annotations

Branches:
Dungeon (8/15)             Temple (0/1) D:7            Lair (0/6) D:8
Ossuary (visited)          Bailey (1/1)

Altars:
Cheibriados
Elyvilon
Fedhas
Gozag
Kikubaaqudgha
Makhleb
Qazlal
Ru
Trog
Uskayaw
Wu Jian

Shops:
D:4 }   D:7 %

Annotations:
D:8 1 runed translucent door, mavignon's ghost, novice CeWr


Innate Abilities, Weirdness & Mutations

Your experience applies equally to all skills.
You have very sharp teeth.
Your uncanny sense of smell can sniff out nearby items.


Message History

The orc knight roars a battlecry!
The orc knight goes into a battle-frenzy!
Evoke which item? (* to show all) (? for menu, Esc to quit)
Aiming: Corrosive Bolt
Press: ? - help, Shift-Dir - straight line, f - orc knight
Aim: an orc knight, wielding a +0 halberd and wearing a +0 plate armour (moderately wounded, unusually strong)
The bolt of acid hits the orc knight!
The orc knight is splashed with acid.
The acid corrodes the orc knight!
The orc knight is severely wounded.
The orc knight hits you from afar with a +0 halberd!!
Evoke which item? (* to show all) (? for menu, Esc to quit)
Aiming: Corrosive Bolt
Press: ? - help, Shift-Dir - straight line, f/p - orc knight
Aim: an orc knight, wielding a +0 halberd and wearing a +0 plate armour (severely wounded, unusually strong, covered in acid)
The bolt of acid hits the orc knight!
The orc knight is splashed with acid.
The orc knight seems to be corroded for longer.
The orc knight is almost dead.
The orc knight hits you but does no damage.
The orc knight hits you from afar with a +0 bardiche!!!
You die...

#### ##∩## ####
...(##...##....
≈≈≈..#...#..≈≈≈
≈o≈≈.......≈≈o≈
)≈.......≈o
....... #)oo#
#.∩(# ##@## ###


You could see 2 orc knights.

Vanquished Creatures
  Harold (D:7)
  A hippogriff (D:7)
  3 yaks (D:7)
  Sigmund (D:6)
  A wyvern (D:7)
  A hungry ghost (D:7)
  A water moccasin (D:8)
  3 sky beasts
  4 orc warriors
  A black bear (D:7)
  An ice beast (D:7)
  A phantom (D:6)
  4 ogres
  2 centaurs
  4 bullfrogs
  3 scorpions
  A centaur zombie (D:7)
  4 crimson imps
  2 orc priests (D:3)
  5 hounds
  5 jellies
  4 orc wizards
  An iguana (D:7)
  2 worker ants
  A killer bee zombie (D:6)
  A big kobold zombie (Ossuary)
  4 mummies
  A howler monkey zombie (D:5)
  A worker ant zombie (D:4)
  4 gnolls (D:6)
  A howler monkey skeleton (D:4)
  14 adders
  A shadow imp (D:6)
  12 oozes
  4 adder zombies
  2 worms
  3 dart slugs
  3 leopard geckos
  25 orcs
  8 bats
  3 bat zombies (D:5)
  3 giant cockroaches
  8 goblins
  6 hobgoblins
  10 jackals
  3 quokkas
  2 ball pythons
  8 frilled lizards
  3 goblin zombies (Ossuary)
  4 hobgoblin zombies (Ossuary)
  2 jackal skeletons
  11 kobolds
  2 kobold zombies (Ossuary)
  A leopard gecko skeleton (D:5)
  A leopard gecko zombie (D:7)
  4 quokka zombies (Ossuary)
  8 rats
  A rat zombie (Ossuary)
221 creatures vanquished.

Vanquished Creatures (others)
  A fungus (D:8)
  11 toadstools (D:2)
12 creatures vanquished.

Grand Total: 233 creatures vanquished

Notes
Turn   | Place    | Note
-------+----------+-------------------------------------------
     0 | D:1      | Reached skill level 12 in Fighting
     0 | D:1      | grindst0ne the Gnoll Wanderer began the quest for the Orb.
     0 | D:1      | grindst0ne set off with the following items: a +2 hand
                  | crossbow, 28 bolts, a +0 mace, a potion of lignification, a
                  | +0 robe, a ration
     0 | D:1      | Reached XP level 1. HP: 31/31 MP: 1/1
   139 | D:1      | Reached XP level 2. HP: 38/38 MP: 2/2
   473 | D:1      | Reached XP level 3. HP: 39/44 MP: 3/3
   568 | D:2      | Found a bloodstained altar of Trog.
   583 | D:2      | Reached skill level 1 in Invocations
   699 | D:2      | Found a stormy altar of Qazlal.
   701 | D:2      | Found a snail-covered altar of Cheibriados.
   703 | D:2      | Found an ornate altar of the Wu Jian Council.
   717 | D:2      | Became a worshipper of Cheibriados the Contemplative
   836 | D:2      | Reached skill level 1 in Short Blades
   836 | D:2      | Reached skill level 1 in Long Blades
   836 | D:2      | Reached skill level 1 in Axes
   836 | D:2      | Reached skill level 1 in Maces & Flails
   836 | D:2      | Reached skill level 1 in Polearms
   836 | D:2      | Reached skill level 1 in Staves
   836 | D:2      | Reached skill level 1 in Slings
   836 | D:2      | Reached skill level 1 in Bows
   836 | D:2      | Reached skill level 1 in Dodging
   836 | D:2      | Reached skill level 1 in Stealth
   836 | D:2      | Reached skill level 1 in Unarmed Combat
   836 | D:2      | Reached skill level 1 in Spellcasting
   836 | D:2      | Reached skill level 1 in Evocations
   836 | D:2      | Reached XP level 4. HP: 51/51 MP: 5/5
   987 | D:2      | Found a burning altar of Makhleb.
  1000 | D:2      | Found an opulent altar of Gozag.
  1151 | D:2      | Reached * piety under Cheibriados
  1238 | D:2      | Reached skill level 1 in Conjurations
  1238 | D:2      | Reached skill level 1 in Hexes
  1238 | D:2      | Reached skill level 1 in Charms
  1238 | D:2      | Reached skill level 1 in Summonings
  1238 | D:2      | Reached skill level 1 in Necromancy
  1238 | D:2      | Reached skill level 1 in Translocations
  1238 | D:2      | Reached skill level 1 in Transmutations
  1238 | D:2      | Reached skill level 1 in Fire Magic
  1238 | D:2      | Reached skill level 1 in Ice Magic
  1238 | D:2      | Reached skill level 1 in Air Magic
  1238 | D:2      | Reached skill level 1 in Earth Magic
  1238 | D:2      | Reached skill level 1 in Poison Magic
  1245 | D:2      | Reached XP level 5. HP: 54/57 MP: 6/6
  1478 | D:3      | Reached XP level 6. HP: 64/64 MP: 8/8
  1548 | D:3      | Reached ** piety under Cheibriados
  2056 | D:3      | Noticed an orc warrior
  2082 | D:3      | Killed an orc warrior
  2082 | D:3      | Reached XP level 7. HP: 69/70 MP: 10/10
  2098 | D:3      | Reached *** piety under Cheibriados
  3064 | D:4      | Reached XP level 8. HP: 77/77 MP: 12/12
  3098 | D:4      | Reached **** piety under Cheibriados
  3133 | D:4      | Found Qahufidgh's Gadget Shop.
  3496 | D:5      | Entered Level 5 of the Dungeon
  3728 | D:5      | Learned a level 1 spell: Confusing Touch
  3868 | D:5      | Found an ancient bone altar of Kikubaaqudgha.
  4150 | D:6      | Found a sand-covered staircase.
  4158 | Ossuary  | Entered an ossuary
  4212 | Ossuary  | Reached ***** piety under Cheibriados
  4320 | D:6      | Noticed Sigmund
  4322 | D:6      | Killed Sigmund
  4325 | D:6      | Found a hide-covered altar of Uskayaw.
  4621 | D:6      | Reached XP level 9. HP: 83/83 MP: 14/14
  4665 | D:6      | Found a blossoming altar of Fedhas.
  4941 | D:7      | Reached skill level 5 in Crossbows
  4941 | D:7      | Reached skill level 5 in Throwing
  4941 | D:7      | Reached skill level 5 in Armour
  4941 | D:7      | Reached skill level 5 in Shields
  5208 | D:7      | Found a white marble altar of Elyvilon.
  5268 | D:7      | Found Sietia Ehoy's Food Boutique.
  5394 | D:7      | Noticed Harold
  5405 | D:7      | Killed Harold
  5405 | D:7      | Reached skill level 5 in Invocations
  5405 | D:7      | Reached XP level 10. HP: 91/91 MP: 15/17
  5410 | D:7      | Found a sacrificial altar of Ru.
  5638 | D:7      | Reached skill level 5 in Short Blades
  5638 | D:7      | Reached skill level 5 in Long Blades
  5638 | D:7      | Reached skill level 5 in Axes
  5638 | D:7      | Reached skill level 5 in Maces & Flails
  5638 | D:7      | Reached skill level 5 in Polearms
  5638 | D:7      | Reached skill level 5 in Staves
  5638 | D:7      | Reached skill level 5 in Slings
  5638 | D:7      | Reached skill level 5 in Bows
  5638 | D:7      | Reached skill level 5 in Dodging
  5638 | D:7      | Reached skill level 5 in Stealth
  5638 | D:7      | Reached skill level 5 in Unarmed Combat
  5638 | D:7      | Reached skill level 5 in Spellcasting
  5638 | D:7      | Reached skill level 5 in Evocations
  5840 | D:7      | Found a staircase to the Ecumenical Temple.
  5936 | D:8      | Found a runed translucent door.
  5936 | D:8      | Noticed mavignon's ghost (novice CeWr)
  5936 | D:8      | Noticed a centaur warrior
  6034 | D:8      | Found a flagged portal.
  6049 | Bailey   | Entered a bailey
  6049 | Bailey   | Noticed an orc knight
  6051 | Bailey   | Noticed an orc knight
  6053 | Bailey   | Noticed an orc knight
  6059 | Bailey   | Slain by an orc knight

Levels and vault maps discovered:
D:1:      dpeg_arrival_arbitrary_b, layout_rooms, minmay_misc_feat_rows
D:2:      cheibrodos_fertilizer, layout_loops_ring, bloody_trog,
          amethyst_overflow_temple_binary, minitemple, first_ration
D:3:      layout_basic
D:4:      layout_gridville, serial_shops, kennysheep_mini
D:5:      layout_loops_ring, lemuel_zombie_altar_kikubaaqudgha
D:6:      layout_cave_pools, lemuel_coloured_pillars_altar,
          eat_drink_and_be_merry_uskayaw, gup_ossuary_entry_pyramid,
          uniq_sigmund
D:7:      layout_loops_ring, hangedman_ru_absence, kennysheep_little_box,
          minmay_temple_entry_fiery, serial_shops, shop, uniq_harold
D:8:      layout_cave_pods, zin_academy, due_lair_maze_entry_diamond,
          ebering_ghost_inner_flame, enter_bailey_6
Bailey:   bailey_polearm_4, bailey

Skill      XL: |  1  2  3  4  5  6  7  8  9 10 |
---------------+-------------------------------+-----
Fighting       | | 12.9
Invocations    | 1 2 3 4 5 |  5.7
Short Blades   | 1 2 3 4 5 |  5.2
Long Blades    | 1 2 3 4 5 |  5.2
Axes           | 1 2 3 4 5 |  5.2
Maces & Flails | 1 2 3 4 5 |  5.2
Polearms       | 1 2 3 4 5 |  5.2
Staves         | 1 2 3 4 5 |  5.2
Slings         | 1 2 3 4 5 |  5.2
Bows           | 1 2 3 4 5 |  5.2
Dodging        | 1 2 3 4 5 |  5.2
Stealth        | 1 2 3 4 5 |  5.2
Unarmed Combat | 1 2 3 4 5 |  5.2
Spellcasting   | 1 2 3 4 5 |  5.2
Evocations     | 1 2 3 4 5 |  5.2
Conjurations   | 1 2 3 4 |  4.3
Hexes          | 1 2 3 4 |  4.3
Charms         | 1 2 3 4 |  4.3
Summonings     | 1 2 3 4 |  4.3
Necromancy     | 1 2 3 4 |  4.3
Translocations | 1 2 3 4 |  4.3
Transmutations | 1 2 3 4 |  4.3
Fire Magic     | 1 2 3 4 |  4.3
Ice Magic      | 1 2 3 4 |  4.3
Air Magic      | 1 2 3 4 |  4.3
Earth Magic    | 1 2 3 4 |  4.3
Poison Magic   | 1 2 3 4 |  4.3
Crossbows      | 3 4 5 |  5.9
Throwing       | 3 4 5 |  5.9
Armour         | 3 4 5 |  5.9
Shields        | 3 4 5 |  5.9

Action                   |  1- 3 |  4- 6 |  7- 9 | 10-12 || total
-------------------------+-------+-------+-------+-------++-------
Melee: Hand axe          |       |    39 |   162 |    49 ||   250
       Bite              |       |     4 |    34 |     7 ||    45
       Punch             |       |       |     2 |     4 ||     6
 Fire: Hand crossbow     |    65 |    83 |    75 |    12 ||   235
 Cast: Confusing Touch   |       |       |       |     2 ||     2
Invok: Slouch            |       |       |       |     1 ||     1
Evoke: Wand              |       |       |     5 |     7 ||    12
  Use: Scroll            |       |     2 |     6 |     2 ||    10
       Potion            |       |     1 |       |       ||     1
 Stab: Confused          |       |       |       |     1 ||     1
  Eat: Chunk             |       |     2 |     6 |     1 ||     9
Armor: Chain mail        |    17 |    47 |    92 |    51 ||   207
       Skin              |       |     7 |     7 |       ||    14
Dodge: Dodged            |     4 |    34 |   100 |    56 ||   194
       Deflected         |       |       |     9 |     1 ||    10
